 Dungeon Crawl Stone Soup version 0.17.2-2-g6415ff710d (webtiles) character file.

14340 Goblin1989 the Martial Artist (level 12, -9/62 HPs)
             Began as a Vine Stalker Monk on Aug 7, 2020.
             Was the Champion of Cheibriados.
             Killed from afar by an electric eel (10 damage)
             ... with a bolt of electricity
             ... on level 11 of the Dungeon on Aug 8, 2020.
             The game lasted 00:29:48 (7873 turns).

Goblin1989 the Martial Artist (Vine Stalker Monk)   Turns: 7873, Time: 00:29:48

Health: -9/62      AC:  7    Str: 30    XL:     12   Next: 15%
Magic:  0/20       EV: 18    Int: 29    God:    Cheibriados [******]
Gold:   94         SH: 14    Dex: 32    Spells: 1 memorised, 9 levels left

rFire  + . .     SeeInvis .       - Unarmed
rCold  . . .     Clarity  .     y - +1 leather armour {rPois}
rNeg   . . .     SustAt   .     G - +0 shield
rPois  +         Gourm    .     W - +1 hat {MR+}
rElec  .         Spirit   +     (no cloak)
rCorr  .         Warding  .     A - +0 pair of gloves
rMut   .         Stasis   .     u - +0 pair of boots
MR     +++..                    (no amulet)
Stlth  ++........               N - ring "Fueg" {MR+ Stlth-}
                                f - ring of protection from fire

@: marked, very slow, extremely resistant to hostile enchantments, unstealthy
A: fangs 3, regeneration 3, magic shield, antimagic bite, no device heal 3, rot
immunity
a: Bend Time, Temporal Distortion, Slouch, Step From Time, Renounce Religion


You were on level 11 of the Dungeon.
You worshipped Cheibriados.
Cheibriados was exalted by your worship.
You were not hungry.

You visited 1 branch of the dungeon, and saw 11 of its levels.
You also visited: Ossuary.

You collected 542 gold pieces.
You spent 448 gold pieces at shops.

Inventory:

Hand Weapons
 r - a cursed -2 rapier
 w - a +0 blowgun {@w1}
 Q - a +0 dagger of protection
Missiles
 Z - 2 throwing nets {!d, =f}
Armour
 a - the +1 robe of the Blue Moon {*Corrode rC++ Int+6}
   (You found it on level 10 of the Dungeon)

   It affects your intelligence (+6).
   It greatly protects you from cold.
   It may corrode your equipment when you take damage.
 u - a +0 pair of boots (worn)
 y - a +1 leather armour of poison resistance (worn)
 A - a +0 pair of gloves (worn)
 G - a +0 shield (worn)
 W - a +1 hat of magic resistance (worn)
Jewellery
 f - a ring of protection from fire (left hand)
 t - an uncursed ring of teleportation
 N - the ring "Fueg" (right hand) {MR+ Stlth-}
   (You found it on level 8 of the Dungeon)

   [ring of loudness]

   It affects your resistance to hostile enchantments.
   It makes you less stealthy.
Wands
 K - a wand of magic darts (18)
 O - a wand of fire (5)
 P - a wand of polymorph (12)
 V - a wand of slowing (26)
Scrolls
 b - a scroll of immolation
 c - 5 scrolls of remove curse {@r2}
 h - a scroll of summoning {unknown}
 i - 4 scrolls of recharging
 j - 4 scrolls of enchant weapon {unknown}
 x - 2 scrolls of amnesia
 B - a scroll of blinking
 C - 2 scrolls of magic mapping
 E - a scroll of enchant armour {unknown}
 J - a scroll of fear
 R - a scroll of noise
 U - a scroll of fog
 X - a scroll of vulnerability
Potions
 k - a potion of might
 m - 3 potions of agility
 n - 6 potions of curing {@q1}
 q - 4 potions of lignification
 s - 2 potions of brilliance
 v - a potion of resistance
 z - 2 potions of ambrosia
 D - a potion of beneficial mutation {unknown}
 F - a potion of mutation
 I - a potion of degeneration {unknown}
 L - a potion of magic
 S - a potion of cure mutation {unknown}
 Y - a potion of flight {unknown}
Comestibles
 d - 4 fruits
 e - 5 bread rations {@e1}
 g - 2 royal jellies
 l - 2 slices of pizza
 o - 9 meat rations {@e2}
 H - 2 beef jerkies


   Skills:
 - Level 6.8 Fighting
 - Level 6.3 Dodging
 - Level 5.3 Stealth
 + Level 7.1 Shields
 - Level 10.6 Unarmed Combat
 - Level 1.8 Spellcasting
 - Level 2.0 Translocations
 - Level 10.1 Invocations


You had 9 spell levels left.
You knew the following spells:

 Your Spells              Type           Power        Failure   Level  Hunger
p - Phase Shift           Tloc           ##........   100%        5    ######.


Dungeon Overview and Level Annotations

Branches:
Dungeon (11/15)            Temple (0/1) D:7
   Lair: D:8-11         Orc: D:9-12

Altars:
Cheibriados
Dithmenos
Elyvilon
Fedhas
Kikubaaqudgha
Qazlal
Ru
Sif Muna
Trog
Vehumet
Yredelemnul
The Shining One

Shops:
D:4 (!   D:9 *   D:10 ?


Innate Abilities, Weirdness & Mutations

You have razor-sharp teeth.
You regenerate.
When hurt, damage is shared between your health and your magic reserves.
Your bite disrupts and absorbs the magic of your enemies.
Potions and wands cannot restore your health.
You are immune to rotting.


Message History

You completely miss the flying skull.
You bite the flying skull, but do no damage.
The flying skull is heavily damaged.
You block the flying skull's attack.
The killer bee zombie closely misses you.
You block the cyan ugly thing's attack. The flying skull hits you.
The necrophage moves out of view. 2 yaks and an ice beast come into view.
You take 3 damage, and have 51/62 hp.
You now have 14/20 mp.
Your shield prevents you from hitting the flying skull.
You bite the flying skull, but do no damage.
The flying skull is heavily damaged.
You block the flying skull's attack.
The killer bee zombie barely misses you.
The yak moves out of view.
You block the flying skull's attack.
The cyan ugly thing completely misses you.
A yak and a shadow come into view.
You hit the flying skull. Your bite misses the flying skull.
The flying skull is severely damaged.
You block the worker ant zombie's attack.
The giant frog skeleton misses you. The flying skull hits you!
You block the killer bee zombie's attack.
A skeletal warrior comes into view. It is wielding a glaive.
You take 6 damage, and have 45/62 hp.
You now have 12/20 mp.
You pummel the flying skull!!
You destroy the flying skull!
Cheibriados thoroughly appreciates the change of pace.
Your Shields skill increases to level 7!
You block the giant frog skeleton's attack.
The cyan ugly thing headbutts you! The cyan ugly thing shocks you!
The worker ant zombie splashes around in the water.
You block the killer bee zombie's attack.
You block the flying skull's attack.
The skeletal warrior moves out of view.
You take 15 damage, and have 30/62 hp.
O_OOPS!!
MASSIVE DAMAGE!!
You now have 7/20 mp.
You are too injured to fight recklessly!
Unknown command.
Read which item? (? for menu, Esc to quit)
As you read the scroll of teleportation, it crumbles to dust.
You feel strangely unstable.
You block the giant frog skeleton's attack.
The killer bee zombie misses you. The cyan ugly thing barely misses you.
You block the worker ant zombie's attack.
The flying skull hits you!
* * * LOW HITPOINT WARNING * * *
You take 4 damage, and have 26/62 hp.
You now have 6/20 mp.
Drink which item? (? for menu, Esc to quit)
Okay, then.
You don't have enough magic at the moment.
Unknown command.
You can feel time thicken for a moment.
You destroy the giant frog skeleton!
Cheibriados appreciates the change of pace.
You kill the ice beast!
Cheibriados appreciates the change of pace.
You destroy the wight!
Cheibriados appreciates the change of pace.
You kill the worker ant!
Cheibriados thoroughly appreciates the change of pace.
You feel somewhat more hungry.
You block the killer bee zombie's attack.
The cyan ugly thing barely misses you.
You block the worker ant zombie's attack.
You block the flying skull's attack.
The killer bee zombie hits you but does no damage.
A shadow imp and a wight come into view.
You now have 1/20 mp.
Unknown command.
Unknown command.
Unknown command.
Unknown command.
You barely miss the necrophage. Your bite misses the necrophage.
The necrophage is almost destroyed.
Your surroundings suddenly seem different.
Splash!
You fall into the shallow water.
Moving in this stuff is going to be slow.
An electric eel comes into view.
The electric eel shoots out a bolt of lightning at you!
The bolt of electricity hits you!
* * * LOW HITPOINT WARNING * * *
You take 9 damage, and have 17/62 hp.
You now have 0/20 mp.
Unknown command.
You punch the electric eel! Your bite misses the electric eel.
The electric eel is moderately wounded.
The electric eel shoots out a bolt of lightning at you!
The bolt of electricity hits you!
* * * LOW HITPOINT WARNING * * *
You take 10 damage, and have 7/62 hp.
Unknown command.
Your unstable footing causes you to fumble your attack.
The electric eel shoots out a bolt of lightning at you!
The bolt of electricity hits you!
* * * LOW HITPOINT WARNING * * *
You take 6 damage, and have 1/62 hp.
Unknown command.
Your unstable footing causes you to fumble your attack.
The electric eel shoots out a bolt of lightning at you!
The bolt of electricity hits you!
You die...

≈≈≈≈≈≈†.....
█≈≈....≈≈≈≈≈≈≈≈≈.≈≈.≈
██≈≈≈≈≈≈≈≈≈≈≈≈≈≈≈.≈≈.≈
..................≈.≈
█≈≈≈≈≈≈.........5...≈
████≈≈≈≈≈≈.≈≈≈≈≈≈≈.....≈
.....≈≈≈≈≈.≈≈≈≈≈........
.....≈≈≈≈≈.≈≈≈≈≈.≈.≈≈≈..
.....≈≈@≈≈.≈≈≈≈≈.≈.....≈
.....≈≈≈;≈.≈≈≈≈≈.≈≈≈≈≈.≈
.....█████.....$<......█


████ .████████████ █ You could see an electric eel.

Vanquished Creatures
  Gastronok (D:9)
  Nergalle (D:10)
  Pikel (D:8)
  Joseph (D:7)
  Psyche (D:8)
  2 deep elf priests (D:7)
  A troll (D:11)
  Prince Ribbit (D:7)
  A two-headed ogre (D:8)
  17 yaks
  Sigmund (D:4)
  A flying skull (D:11)
  A wyvern (D:8)
  Eustachio (D:5)
  A hungry ghost (D:7)
  A hippogriff (D:10)
  Menkaure (Ossuary)
  Edmund (D:4)
  The ghost of Zorot the Ruffian, an amateur VSMo of Cheibriados (D:4)
  3 wasps
  4 black bears
  6 ice beasts
  An eye of draining (D:10)
  A sky beast (D:9)
  A necrophage (D:8)
  7 orc warriors
  4 ogres
  5 centaurs
  A phantom (D:4)
  2 big kobolds
  4 giant frogs
  A crocodile (D:10)
  4 killer bees (D:6)
  6 scorpions
  A water moccasin skeleton (D:11)
  An electric eel (D:11)
  10 wights
  5 crimson imps
  3 hounds
  5 orc priests
  4 jellies
  2 quasits
  3 centaur skeletons
  A gnoll shaman (D:8)
  2 giant frog skeletons
  8 worker ants
  4 iguanas
  9 orc wizards
  A killer bee zombie (D:9)
  4 mummies
  9 gnolls
  2 worker ant zombies
  12 adders
  3 shadow imps
  4 oozes
  2 adder skeletons
  An adder zombie (D:5)
  2 worms
  3 giant geckos
  58 orcs
  6 giant cockroaches
  5 goblins
  9 hobgoblins
  5 jackals
  2 quokkas (D:6)
  6 ball pythons
  5 bats
  2 giant gecko skeletons
  4 giant newts
  3 gnoll skeletons (Ossuary)
  9 gnoll zombies (Ossuary)
  7 goblin skeletons (Ossuary)
  7 goblin zombies (Ossuary)
  6 hobgoblin skeletons (Ossuary)
  3 hobgoblin zombies (Ossuary)
  18 kobolds
  2 kobold skeletons (Ossuary)
  4 orc skeletons (Ossuary)
  3 orc zombies (Ossuary)
  A quokka skeleton (D:7)
  2 quokka zombies
  9 rats
  3 rat skeletons (Ossuary)
366 creatures vanquished.

Vanquished Creatures (others)
  An orc priest (D:8)
  An adder (D:6)
  2 orcs (D:8)
  A goblin zombie (Ossuary)
  A kobold zombie (Ossuary)
  A rat zombie (Ossuary)
7 creatures vanquished.

Grand Total: 373 creatures vanquished

Notes
Turn   | Place    | Note
--------------------------------------------------------------
     0 | D:1      | Goblin1989 the Vine Stalker Monk began the quest for the Orb.
     0 | D:1      | Reached XP level 1. HP: 11/11 MP: 2/2
   169 | D:1      | Reached XP level 2. HP: 16/16 MP: 3/3
   269 | D:1      | Found a snail-covered altar of Cheibriados.
   300 | D:1      | Became a worshipper of Cheibriados the Contemplative
   300 | D:1      | Reached * piety under Cheibriados
   300 | D:1      | Reached ** piety under Cheibriados
   439 | D:1      | Reached XP level 3. HP: 19/19 MP: 4/4
   812 | D:2      | Found a stormy altar of Qazlal.
   837 | D:2      | Reached skill level 5 in Unarmed Combat
  1437 | D:2      | Reached XP level 4. HP: 23/23 MP: 5/5
  1537 | D:3      | Reached *** piety under Cheibriados
  1786 | D:3      | Reached XP level 5. HP: 28/28 MP: 6/6
  2235 | D:4      | Gained mutation: You heal very quickly. [Vine Stalker growth]
  2235 | D:4      | Reached XP level 6. HP: 29/32 MP: 5/7
  2265 | D:4      | Reached skill level 6 in Unarmed Combat
  2270 | D:4      | Noticed Zorot's ghost (amateur VSMo)
  2299 | D:4      | Noticed Sigmund
  2309 | D:4      | Killed Sigmund
  2309 | D:4      | Reached XP level 7. HP: 31/37 MP: 6/8
  2404 | D:4      | Reached **** piety under Cheibriados
  2460 | D:4      | Found Wannopt's Distillery.
  2467 | D:4      | Bought a potion of curing for 42 gold pieces
  2467 | D:4      | Bought a potion of lignification for 42 gold pieces
  2467 | D:4      | Bought a potion of poison for 14 gold pieces
  2467 | D:4      | Bought a potion of berserk rage for 70 gold pieces
  2467 | D:4      | Bought a potion of brilliance for 56 gold pieces
  2516 | D:4      | Noticed a phantom
  2529 | D:4      | Killed a phantom
  2544 | D:4      | Found a shadowy altar of Dithmenos.
  2627 | D:4      | Killed Zorot's ghost
  2627 | D:4      | Reached skill level 5 in Stealth
  2627 | D:4      | Reached skill level 7 in Unarmed Combat
  2668 | D:4      | Noticed an ogre
  2673 | D:4      | Killed an ogre
  2700 | D:4      | Gained mutation: You have razor-sharp teeth. [Vine Stalker growth]
  2700 | D:4      | Reached XP level 8. HP: 42/42 MP: 9/9
  2724 | D:4      | Noticed Edmund
  2734 | D:4      | Killed Edmund
  2735 | D:4      | Found Gaykitug's Weapon Shop.
  2972 | D:4      | Found a white marble altar of Elyvilon.
  3179 | D:5      | Entered Level 5 of the Dungeon
  3469 | D:5      | Noticed Eustachio
  3481 | D:5      | Killed Eustachio
  3481 | D:5      | Reached skill level 8 in Unarmed Combat
  3529 | D:5      | Goblin1989: !lg defe
  3529 | D:5      | meem: 4534. DEFE the Rhythm of Life and Death (L27 DsBr of Uskayaw), escaped with the Orb and 15 runes on 2020-08-07 09:32:20, with 11575126 points after 142816 turns and 4:02:00.
  3821 | D:5      | Found an ancient bone altar of Kikubaaqudgha.
  4074 | D:6      | Reached skill level 1 in Invocations
  4156 | D:6      | Found a sand-covered staircase.
  4164 | Ossuary  | Entered an ossuary
  4211 | Ossuary  | Reached ***** piety under Cheibriados
  4419 | Ossuary  | Noticed Menkaure
  4424 | Ossuary  | Killed Menkaure
  4491 | D:6      | Reached XP level 9. HP: 20/46 MP: 12/12
  4548 | D:6      | Found a blossoming altar of Fedhas.
  4621 | D:7      | Reached skill level 5 in Invocations
  4680 | D:7      | Found a staircase to the Ecumenical Temple.
  4716 | D:7      | Noticed Joseph
  4729 | D:7      | Killed Joseph
  4981 | D:7      | Found a bloodstained altar of Trog.
  4981 | D:7      | Noticed a deep elf priest
  4981 | D:7      | Noticed a deep elf priest
  4986 | D:7      | Killed a deep elf priest
  4993 | D:7      | Killed a deep elf priest
  4993 | D:7      | Reached skill level 9 in Invocations
  4993 | D:7      | Reached XP level 10. HP: 24/51 MP: 17/17
  5037 | D:7      | Noticed Prince Ribbit
  5045 | D:7      | Killed Prince Ribbit
  5263 | D:7      | Reached ****** piety under Cheibriados
  5398 | D:6      | Found a deep blue altar of Sif Muna.
  5448 | D:6      | Found a radiant altar of Vehumet.
  5448 | D:6      | Found a shadowy altar of Dithmenos.
  5449 | D:6      | Found a basalt altar of Yredelemnul.
  5481 | D:6      | Found a glowing golden altar of the Shining One.
  5512 | D:6      | Found a sacrificial altar of Ru.
  5619 | D:6      | Reached skill level 10 in Invocations
  5788 | D:8      | Reached skill level 5 in Fighting
  6033 | D:8      | Reached skill level 1 in Shields
  6075 | D:8      | Noticed Psyche
  6077 | D:8      | Killed Psyche
  6077 | D:8      | Reached skill level 5 in Dodging
  6089 | D:8      | Noticed Pikel
  6095 | D:8      | Killed Pikel
  6143 | D:8      | Got a scorched wooden ring
  6147 | D:8      | Identified the ring "Fueg" {MR+ Stlth-} (You found it on level 8 of the Dungeon)
  6166 | D:9      | Found Omoc's General Store.
  6372 | D:9      | Noticed Gastronok
  6386 | D:9      | Killed Gastronok
  6386 | D:9      | Reached skill level 10 in Unarmed Combat
  6386 | D:9      | Reached XP level 11. HP: 56/56 MP: 19/19
  6636 | D:9      | Bought a scroll of magic mapping for 52 gold pieces
  6636 | D:9      | Bought a scroll of random uselessness for 15 gold pieces
  7008 | D:10     | Entered Level 10 of the Dungeon
  7179 | D:10     | Found Finakk's Magic Scroll Boutique.
  7187 | D:10     | Bought a scroll of teleportation for 45 gold pieces
  7187 | D:10     | Bought a scroll of vulnerability for 112 gold pieces
  7199 | D:10     | Learned a level 5 spell: Phase Shift
  7217 | D:10     | Noticed Nergalle
  7223 | D:10     | Killed Nergalle
  7281 | D:10     | Reached skill level 1 in Translocations
  7285 | D:10     | Reached skill level 1 in Spellcasting
  7427 | D:10     | Reached skill level 5 in Shields
  7460 | D:10     | Gained mutation: You regenerate. [Vine Stalker growth]
  7460 | D:10     | Reached XP level 12. HP: 62/62 MP: 20/20
  7585 | D:10     | Got a crude robe
  7596 | D:10     | Identified the +1 robe of the Blue Moon {*Corrode rC++ Int+6} (You found it on level 10 of the Dungeon)
  7872 | D:11     | HP: 1/62 [electric eel/bolt of electricity (7)]
  7873 | D:11     | Killed from afar by an electric eel

Action                   |  1- 3 |  4- 6 |  7- 9 | 10-12 || total
-------------------------+-------+-------+-------+-------++-------
Melee: Unarmed           |    71 |    74 |   250 |   454 ||   849
Invok: Bend Time         |       |       |       |     2 ||     2
       Slouch            |       |       |       |     1 ||     1
  Use: Scroll            |       |       |     7 |    12 ||    19
 Stab: Sleeping          |    10 |     8 |    18 |    17 ||    53
       Distracted        |       |       |     3 |     5 ||     8
  Eat: Chunk             |       |     1 |     2 |     6 ||     9
       Fruit             |       |       |     3 |       ||     3
       Royal jelly       |       |       |     1 |       ||     1

Vault maps used:
D:1:      lemuel_arrival_funnel, cheibriados_altar_1
D:2:      grunt_qazlal_sundering
D:3:      kennysheep_another_room, roderic_nine_men_s_morris
D:4:      lemuel_doored_altar, serial_shops, shop_statue, shop_fountains,
          grunt_dithmenos_smoke_and_mirrors, uniq_edmund, uniq_sigmund
D:5:      kennysheep_mini_moat, first_bread, uniq_eustachio
D:6:      overflow_temple_1_default, nicolae_overflow_quartered_altars,
          overflow_temple_1_default, lemuel_round_altar,
          gup_ossuary_entry_pyramid
D:7:      minmay_temple_entry_overgrown, david_defended_altar_elf, uniq_joseph,
          uniq_prince_ribbit1
D:8:      uniq_psyche, uniq_pikel
D:9:      serial_shops, shop, uniq_gastronok
D:10:     serial_shops, shop, special_room, uniq_nergalle
D:11:     hangedman_screamer, lair_0_dummy, hangedman_little_slice_of_home
Ossuary:  ossuary_due_pyramid
